[Event "Early-Titled-Tuesday-Blitz-April-23-2024"]
[Site "Chess.com"]
[Date "2024.04.23"]
[Round "3"]
[White "MKlose11"]
[Black "RamonManon0g"]
[Result "0-1"]
[WhiteElo "2610"]
[BlackElo "2462"]
[TimeControl "180+1"]
[EndTime "8:27:15 PDT"]
[Termination "RamonManon0g won by resignation"]

1. e4 c5 2. Nc3 d6 3. g3 Nc6 4.
Bg2 g6 5. d3 Bg7 6. Be3 Nf6 7. h3 O-O 8. Qd2 b6 9. Bh6 Bb7 10.
Bxg7 Kxg7 11. f4 Nd4 12. Nf3 Nh5 13. Kf2 e5 14. Ne2 Nxe2 15. Qxe2 exf4 16. gxf4 Nxf4 17.
Qe3 Qf6 18. c3 Rae8 19. Rad1 c4 20. Rhf1 Nxd3+ 21. Kg1 Rxe4 22. Qd2 Re7 23. b3 b5 24. a4 a6 25. axb5 axb5 26. Nd4 Qh4 27. Nxb5 Bxg2 28.
Qxg2 Nf4 29. Qf3 Nxh3+ 30. Kg2 Nf4+ 31. Kg1 Ne2+ 32. Kg2 Re5 33. Rh1 Rg5+ 34. Kf1 Ng3+ 0-1

[Event "Early-Titled-Tuesday-Blitz-April-23-2024"]
[Site "Chess.com"]
[Date "2024.04.23"]
[Round "3"]
[White "dropstoneDP"]
[Black "DumbKing75"]
[Result "1-0"]
[WhiteElo "3026"]
[BlackElo "2639"]
[TimeControl "180+1"]
[EndTime "8:27:16 PDT"]
[Termination "dropstoneDP won by resignation"]

1. e4 c5 2. Nf3 a6 3. Be2 b5 4. d4 cxd4 5. Nxd4 Bb7 6. O-O Nc6 7. Nb3 d6 8. a4 bxa4 9. Rxa4 g6 10. Nc3 Bg7 11.
Bg5 Nf6 12. Qd2 O-O 13. Bh6 Bxh6 14. Qxh6 Qb6 15. Rfa1 Ne5 16. Qd2 Rfc8 17. h3 Ned7 18. Qd4 Qxd4 19. Rxd4 Nc5 20. Nxc5 Rxc5 21. Rb4 Ra7 22. Bd3 Nd7 23. Nb5 Ra8 24. Nxd6 Bc6 25. Nb7 Bxb7 26. Rxb7 Ne5 27. Rxe7 Nxd3 28. cxd3 Rc2 29. b4 Rd2 30. b5 a5 31. b6 Rxd3 32.
b7 Rb8 33. Rxa5 Kg7 34. e5 Rb3 35. Ra7 Kf8 36. Rc7 Ke8 37. Rc8+ 1-0

[Event "Early-Titled-Tuesday-Blitz-April-23-2024"]
[Site "Chess.com"]
[Date "2024.04.23"]
[Round "3"]
[White "GM4life"]
[Black "The_Sherman_Variation"]
[Result "0-1"]
[WhiteElo "2505"]
[BlackElo "2727"]
[TimeControl "180+1"]
[EndTime "8:27:17 PDT"]
[Termination "The_Sherman_Variation won by checkmate"]

1. Nf3 d5 2. g3 Nf6 3. Bg2 g6 4.
O-O Bg7 5. c4 c6 6. d3 O-O 7.
Nbd2 a5 8. Rb1 a4 9. h3 Nbd7 10. b3 axb3 11. axb3 e5 12. Bb2 Qe7 13. Ra1 Rxa1 14. Qxa1 d4 15. Ba3 c5 16. Ng5 Ne8 17. h4 h6 18. Nge4 f5 19. Nxc5 Nxc5 20. b4 Ne6 21. c5 Kh7 22. Rc1 N8c7 23. Nc4 Nb5 24. Bb2 Qc7 25. Nb6 e4 26. dxe4 fxe4 27. Bxe4 Qe5 28. Qb1 Qf6 29. f3 h5 30. Nd5 Qe5 31.
Ne3 Qxg3+ 32. Kh1 dxe3 33. Bxg7 Nxg7 34. Qd3 Bf5 35. Rg1 Qh3# 0-1

[Event "Early-Titled-Tuesday-Blitz-April-23-2024"]
[Site "Chess.com"]
[Date "2024.04.23"]
[Round "3"]
[White "ChessMA48"]
[Black "djano"]
[Result "0-1"]
[WhiteElo "2354"]
[BlackElo "2615"]
[TimeControl "180+1"]
[EndTime "8:27:18 PDT"]
[Termination "djano won by checkmate"]

1. d4 Nf6 2. c4 g6 3. Nc3 Bg7 4. e4 d6 5. h3 O-O 6. Be3 a6 7.
Nge2 b5 8. cxb5 axb5 9. Ng3 b4 10. Nce2 Bb7 11. Qc2 c5 12. dxc5 dxc5 13. Bxc5 Qa5 14.
Bxe7 b3+ 15. Qc3 Qxa2 16. Rd1 Nd5 17. Qc5 Na6 18. Qd6 Nxe7 19. Qxe7 Qa5+ 20. Nc3 Bxc3+ 21.
bxc3 Qxc3+ 22. Ke2 Nc5 23. h4 Ba6+ 24. Rd3 Qxd3+ 25.
Ke1 Qb1+ 26. Kd2 Qc2+ 27. Ke1 Qc1# 0-1

[Event "Early-Titled-Tuesday-Blitz-April-23-2024"]
[Site "Chess.com"]
[Date "2024.04.23"]
[Round "3"]
[White "shirovin"]
[Black "lioni26"]
[Result "0-1"]
[WhiteElo "2063"]
[BlackElo "2560"]
[TimeControl "180+1"]
[EndTime "8:27:19 PDT"]
[Termination "lioni26 won by resignation"]

1. e4 e5 2. Nf3 Nc6 3. Bc4 Nf6 4. Ng5 d5 5. exd5 Na5 6. Bb5+ c6 7. dxc6 bxc6 8.
Qf3 Be7 9. Ba4 O-O 10. O-O Nd5 11. Ne4 f5 12. Nec3 e4 13. Qd1 Qc7 14. d3 Ba6 15.
Re1 Rad8 16. Nxd5 cxd5 17. Bb3 Kh8 18. g3 Bb7 19. Bd2 Nc6 20. Bf4 Qc8 21. dxe4 dxe4 22.
Qc1 Nd4 23. Rd1 Nf3+ 24. Kh1 Rxd1+ 25. Qxd1 g5 26. Be3 Bf6 27. c3 f4 28. Bd4 Bxd4 29. cxd4 Qh3 0-1

[Event "Early-Titled-Tuesday-Blitz-April-23-2024"]
[Site "Chess.com"]
[Date "2024.04.23"]
[Round "3"]
[White "Anton_Demchenko"]
[Black "lamomiajunior"]
[Result "1-0"]
[WhiteElo "2975"]
[BlackElo "2733"]
[TimeControl "180+1"]
[EndTime "8:27:22 PDT"]
[Termination "Anton_Demchenko won by resignation"]

1. e4 c5 2. Nf3 d6 3. d4 cxd4 4.
Qxd4 Nc6 5. Qe3 Nf6 6. Nc3 g6 7. h3 Bg7 8. Bc4 O-O 9. O-O Bd7 10. Rd1 Rc8 11. Qe2 a6 12. a4 Qc7 13. Bg5 e6 14.
Bb3 h6 15. Be3 Na5 16. Qd2 Nc4 17. Bxc4 Qxc4 18. Bxh6 Nxe4 19. Nxe4 Qxe4 20. Bxg7 Kxg7 21. Qxd6 Bc6 22. Qe5+ Qxe5 23. Nxe5 Bd5 24. c3 Bb3 25. Rd7 Bd5 26. Rd1 Kg8 27. Rd4 b5 28. axb5 axb5 29.
Rf4 1-0

[Event "Early-Titled-Tuesday-Blitz-April-23-2024"]
[Site "Chess.com"]
[Date "2024.04.23"]
[Round "3"]
[White "vladislavkovalev"]
[Black "DeArron_Fox"]
[Result "1-0"]
[WhiteElo "2852"]
[BlackElo "2536"]
[TimeControl "180+1"]
[EndTime "8:27:22 PDT"]
[Termination "vladislavkovalev won by resignation"]

1. e4 c5 2. Nf3 e6 3. c3 d5 4.
exd5 Qxd5 5. d4 Nf6 6. Na3 Nc6 7. Nb5 Qd8 8. dxc5 Bxc5 9. Qxd8+ Kxd8 10. b4 Bb6 11.
Nd6 Ke7 12. Nc4 Nd5 13. b5 Na5 14. Ba3+ Kf6 15. Nxb6 axb6 16. Bb2 Ke7 17. c4 Nb4 18. Kd2 Rd8+ 19. Kc3 Nac6 20. bxc6 Nxc6 21. Be2 e5 22. Rhd1 Bg4 23. Rxd8 Rxd8 24. h3 Bh5 25. Rd1 Rxd1 26. Bxd1 e4 27. g4 Bg6 28. Nd4 Ne5 29. Be2 h6 30.
Bc1 Kf6 31. Be3 Nd7 32. Nb3 Ke5 33. Bd4+ Kd6 34. Bxg7 1-0

[Event "Early-Titled-Tuesday-Blitz-April-23-2024"]
[Site "Chess.com"]
[Date "2024.04.23"]
[Round "3"]
[White "duone"]
[Black "xberli"]
[Result "0-1"]
[WhiteElo "2428"]
[BlackElo "2622"]
[TimeControl "180+1"]
[EndTime "8:27:22 PDT"]
[Termination "xberli won by checkmate"]

1. Nf3 Nf6 2. c4 g6 3. b3 Bg7 4. Bb2 O-O 5. g3 a5 6. Bg2 c6 7. O-O d5 8. cxd5 cxd5 9. Nc3 Nc6 10. Rc1 Ne4 11. d3 Nxc3 12. Bxc3 d4 13. Bb2 Be6 14. Nd2 Bd5 15. Ne4 Ra7 16. Rc5 e6 17. Rc1 Qe7 18. Qc2 Rd8 19. Qc5 Qxc5 20. Rxc5 a4 21. Nd2 Bxg2 22. Kxg2 axb3 23. axb3 Ra2 24. Nc4 Rd5 25. b4 Bf8 26. Ba3 Bxc5 27. bxc5 Ne5 28. Rb1 Nxc4 29.
dxc4 Rd7 30. Bc1 Rxe2 31. Bf4 Rc2 32. Rb4 f6 33. Ra4 e5 34. Bh6 d3 35. Ra8+ Kf7 36.
Rf8+ Ke6 37. Re8+ Kf5 38. Kf3 g5 39. Rg8 e4+ 40. Kg2 d2 41. g4+ Kxg4 42. h3+ Kf5 43.
Rxg5+ fxg5 44. Bf8 d1=Q 45. Bd6 Qf3+ 46. Kg1 Rc1+ 47.
Kh2 Rh1# 0-1

[Event "Early-Titled-Tuesday-Blitz-April-23-2024"]
[Site "Chess.com"]
[Date "2024.04.23"]
[Round "3"]
[White "kai_nov"]
[Black "DanylaBagrov"]
[Result "1-0"]
[WhiteElo "2291"]
[BlackElo "2455"]
[TimeControl "180+1"]
[EndTime "8:27:26 PDT"]
[Termination "kai_nov won by resignation"]

1. e4 d6 2. d4 c6 3. c4 e5 4. dxe5 dxe5 5. Qxd8+ Kxd8 6. Nf3 Bd6 7. Nc3 Bg4 8. Be3 Nd7 9. O-O-O Kc7 10. h3 Bxf3 11.
gxf3 Ne7 12. Rg1 Ng6 13. h4 h5 14. Bh3 Rad8 15. Bf5 Ndf8 16. Bxa7 Rg8 17. c5 Be7 18.
Bb6+ Kb8 19. Bxd8 Bxd8 20. Rxd8+ Kc7 21. Ra8 Ne7 22. Na4 g6 23. Bh3 g5 24. Rxg5 Nfg6 25.
Rxg8 1-0

[Event "Early-Titled-Tuesday-Blitz-April-23-2024"]
[Site "Chess.com"]
[Date "2024.04.23"]
[Round "3"]
[White "Journey_to_GrandMaster_YT"]
[Black "adotand"]
[Result "0-1"]
[WhiteElo "2553"]
[BlackElo "2952"]
[TimeControl "180+1"]
[EndTime "8:27:28 PDT"]
[Termination "adotand won by checkmate"]

1. d4 Nf6 2. Nf3 g6 3. g3 Bg7 4. Bg2 O-O 5. O-O c5 6. dxc5 Na6 7. Be3 Qc7 8. Nc3 Nxc5 9. Nb5 Qb6 10. a4 a6 11. b4 axb5 12. Bxc5 Qd8 13. axb5 Rxa1 14. Qxa1 d6 15. Bd4 Qc7 16. Rc1 e5 17. Be3 Nd5 18.
c4 Nxe3 19. fxe3 Bh6 20. Rc3 Qb6 21. Kf2 Qd8 22. c5 d5 23. c6 d4 24. exd4 e4 25. e3 bxc6 26. bxc6 exf3 27. Bxf3 Qf6 28. Kg2 Re8 29. Qa3 Bh3+ 30. Kxh3 Qxf3 31. Rc1 Bxe3 32. Re1 Re4 33. c7 Rh4+ 34. Kxh4 Qh5# 0-1

[Event "Early-Titled-Tuesday-Blitz-April-23-2024"]
[Site "Chess.com"]
[Date "2024.04.23"]
[Round "3"]
[White "sergoy"]
[Black "secretworker2027"]
[Result "1/2-1/2"]
[WhiteElo "2923"]
[BlackElo "2709"]
[TimeControl "180+1"]
[EndTime "8:27:29 PDT"]
[Termination "Game drawn by repetition"]

1. d4 Nf6 2. c4 e6 3. Nf3 Bb4+ 4. Nbd2 a5 5. Qc2 d6 6. e4 Nbd7 7. e5 dxe5 8. dxe5 Ng4 9. Qe4 Nh6 10. a3 Nc5 11.
Qc2 Bxd2+ 12. Bxd2 Nf5 13. Bc3 Nh4 14. Nxh4 Qxh4 15.
g3 Qe4+ 16. Qxe4 Nxe4 17. Bd4 Bd7 18. f3 Ng5 19. Kf2 Nxf3 20. Bc3 Ng5 21. Bg2 Bc6 22.
Bxc6+ bxc6 23. Ke3 h6 24. h4 Nh7 25. Kd4 Nf8 26. Kc5 Ra6 27. Rhf1 Nd7+ 28. Kd4 c5+ 29. Ke4 a4 30. Rf4 O-O 31. Raf1 Nb8 32. g4 g6 33. h5 g5 34. R4f2 Nc6 35. Rd2 Raa8 36. Rd7 Rac8 37. Rf6 Nb8 38. Re7 Nc6 39. Rd7 Nb8 40.
Re7 Nc6 41. Rd7 1/2-1/2

[Event "Early-Titled-Tuesday-Blitz-April-23-2024"]
[Site "Chess.com"]
[Date "2024.04.23"]
[Round "3"]
[White "Aryan_Tamadon"]
[Black "whitemirrorninja"]
[Result "1-0"]
[WhiteElo "2631"]
[BlackElo "2452"]
[TimeControl "180+1"]
[EndTime "8:27:29 PDT"]
[Termination "Aryan_Tamadon won by resignation"]

1. Nf3 Nc6 2. d4 d5 3. e3 Bf5 4. c4 e6 5. Qb3 Nb4 6. Na3 a5 7. Be2 c6 8. O-O Nh6 9. c5 Be7 10. Bd2 O-O 11. Rac1 b5 12. Bxb4 axb4 13. Qxb4 Qc7 14. Qb3 Qa5 15. Ra1 Qa4 16. Bd1 Qa7 17.
Nc2 Bd8 18. Nb4 Qb7 19. Ne5 Rc8 20. a4 bxa4 21. Qxa4 f6 22. Nexc6 e5 23. Be2 Bd7 24. Ba6 Bxc6 25. Bxb7 Bxa4 26. Bxc8 Bb5 27. Rfc1 exd4 28. exd4 Nf5 29. Bxf5 1-0

[Event "Early-Titled-Tuesday-Blitz-April-23-2024"]
[Site "Chess.com"]
[Date "2024.04.23"]
[Round "3"]
[White "NMChessToImpress"]
[Black "Zampronha1971"]
[Result "0-1"]
[WhiteElo "2216"]
[BlackElo "2433"]
[TimeControl "180+1"]
[EndTime "8:27:34 PDT"]
[Termination "Zampronha1971 won by resignation"]

1. e4 c5 2. Nf3 e6 3. d4 cxd4 4.
Nxd4 Nc6 5. Nc3 Qc7 6. Be3 a6 7. Qd2 Nf6 8. O-O-O Bb4 9. f3 Ne5 10. Nb3 b5 11. Bd4 O-O 12. a3 Be7 13. Kb1 d6 14.
Qf2 Rb8 15. g4 Nc4 16. g5 Nd7 17. h4 Bb7 18. h5 e5 19. g6 exd4 20. Nxd4 Nxa3+ 21. Kc1 b4 22. h6 Bg5+ 23. f4 Bxh6 24. gxh7+ Kh8 25. Nf5 bxc3 26. bxa3 Bxe4 27. Nxh6 gxh6 28. Qd4+ f6 29. Qxe4 Qb6 30. Qb4 Qe3+ 0-1

[Event "Early-Titled-Tuesday-Blitz-April-23-2024"]
[Site "Chess.com"]
[Date "2024.04.23"]
[Round "3"]
[White "WCM-Mexicana"]
[Black "ajedrezsinlimites"]
[Result "1-0"]
[WhiteElo "2366"]
[BlackElo "2548"]
[TimeControl "180+1"]
[EndTime "8:27:35 PDT"]
[Termination "WCM-Mexicana won by resignation"]

1. d4 c6 2. c4 d6 3. Nd2 g6 4. e4 Bg7 5. Ngf3 Nf6 6. Bd3 O-O 7.
O-O Nbd7 8. b3 e5 9. Bb2 Re8 10.
dxe5 Nxe5 11. Nxe5 dxe5 12. Qc2 Qc7 13. Rad1 Bg4 14. f3 Be6 15. Rfe1 Rad8 16. Nf1 Nh5 17. g3 Bf8 18. a3 a5 19. Kg2 Ng7 20. Qc3 f6 21.
Bb1 Bc5 22. b4 Bd4 23. Qc2 Bxb2 24. Qxb2 Bxc4 25. Ne3 Be6 26. bxa5 h5 27. Qb6 Qxb6 28. axb6 Kf7 29. Bc2 Ke7 30. a4 Rd4 31. Kf2 Red8 32.
Rxd4 exd4 33. Nd1 c5 34. Nb2 c4 35. Rd1 d3 36. Bb1 Ne8 37. Ke3 Nd6 38. Ba2 Rc8 39.
Rc1 Rc6 40. a5 c3 41. Nxd3 Bxa2 42. Nb4 Rc5 43. Nxa2 Rxa5 44. Nxc3 Nc4+ 45. Kd4 Nxb6 46. Rb1 Nd7 47. Rxb7 Kd6 48. Rb5 Ra1 49. Ne2 g5 50. f4 Ra2 51. e5+ fxe5+ 52. fxe5+ Ke6 53. Nc3 Rd2+ 54. Ke3 Rxh2 55. Ne4 Nxe5 56. Nxg5+ Kf6 57. Rxe5 Rg2 58.
Nf3 Rxg3 59. Rxh5 Kg6 60. Ra5 Rg4 61. Ne5+ Kg7 62. Nxg4 1-0

[Event "Early-Titled-Tuesday-Blitz-April-23-2024"]
[Site "Chess.com"]
[Date "2024.04.23"]
[Round "3"]
[White "hmatyi07"]
[Black "chess_blitz00"]
[Result "0-1"]
[WhiteElo "2304"]
[BlackElo "2534"]
[TimeControl "180+1"]
[EndTime "8:27:35 PDT"]
[Termination "chess_blitz00 won by checkmate"]

1. e4 d6 2. d4 Nf6 3. Nc3 e5 4. Nf3 Nbd7 5. g4 h6 6. g5 hxg5 7. Bxg5 c6 8. Qd2 Qc7 9. O-O-O b5 10. dxe5 Nxe5 11. Nxe5 dxe5 12. Bxf6 gxf6 13. Nxb5 Qb6 14. Nd6+ Bxd6 15. Qxd6 Be6 16. Kb1 Rc8 17. f3 Rh4 18. Be2 Rd8 19. Qa3 Rxd1+ 20. Rxd1 Rxh2 21. Qd3 Qd4 22.
Qa3 Rxe2 23. Qa6 Qxd1# 0-1

[Event "Early-Titled-Tuesday-Blitz-April-23-2024"]
[Site "Chess.com"]
[Date "2024.04.23"]
[Round "3"]
[White "blitzking1729"]
[Black "Baku_Boulevard"]
[Result "0-1"]
[WhiteElo "2762"]
[BlackElo "3045"]
[TimeControl "180+1"]
[EndTime "8:27:37 PDT"]
[Termination "Baku_Boulevard won by resignation"]

1. Nf3 d5 2. e3 Nf6 3. c3 Bf5 4. d4 e6 5. Be2 Nbd7 6. O-O Bd6 7. Nbd2 c6 8. b3 Qc7 9. Bb2 g5 10. Nxg5 Bxh2+ 11. Kh1 Bd6 12. c4 h6 13. Ngf3 O-O-O 14. c5 Be7 15. b4 Ng4 16. b5 Nb8 17. Qa4 Bh4 18. Kg1 Rdg8 19. Ne5 f6 20. Nxg4 Bxg4 21. Bxg4 Rxg4 22. Nf3 Rhg8 23. Nxh4 Rxh4 24. f4 Qg7 25.
Rf2 Qg3 26. Qxa7 Qxe3 27. bxc6 Rxg2+ 28. Kxg2 Qh3+ 0-1

[Event "Early-Titled-Tuesday-Blitz-April-23-2024"]
[Site "Chess.com"]
[Date "2024.04.23"]
[Round "3"]
[White "LiadCuba"]
[Black "Suleyman_Chess06"]
[Result "0-1"]
[WhiteElo "2531"]
[BlackElo "2831"]
[TimeControl "180+1"]
[EndTime "8:27:37 PDT"]
[Termination "Suleyman_Chess06 won on time"]

1. d4 Nf6 2. c4 e6 3. Nc3 Bb4 4. f3 c5 5. d5 exd5 6. cxd5 d6 7. e4 O-O 8. Ne2 b5 9. Ng3 a6 10. a4 bxa4 11. Rxa4 Nbd7 12. Be2 Ne5 13. O-O Bd7 14. Ra1 Re8 15. Kh1 Qb6 16. Na4 Bxa4 17. Rxa4 Nfd7 18. Nf5 c4 19. Be3 Bc5 20. Qd2 g6 21.
Nh6+ Kg7 22. Bf4 Reb8 23. Ng4 Qxb2 24. Bxe5+ dxe5 25. Qh6+ Kg8 26. Bxc4 Qc2 27. Rc1 Rb1 28. Ra1 Rxa1 29. Rxa1 Qxc4 30. h4 Bf8 31. Qg5 Qc5 32.
Rc1 Qe7 33. Rc7 Qxg5 34. hxg5 Nc5 0-1

[Event "Early-Titled-Tuesday-Blitz-April-23-2024"]
[Site "Chess.com"]
[Date "2024.04.23"]
[Round "3"]
[White "Attacker_2006"]
[Black "starworld123"]
[Result "1-0"]
[WhiteElo "2552"]
[BlackElo "2839"]
[TimeControl "180+1"]
[EndTime "8:27:38 PDT"]
[Termination "Attacker_2006 won by checkmate"]

1. e4 d6 2. d4 g6 3. Nc3 Bg7 4. f4 a6 5. Nf3 b5 6. Bd3 Bb7 7. O-O Nd7 8. e5 b4 9. Ne4 d5 10. e6 fxe6 11. Neg5 Nf8 12. Ne5 Nh6 13. Bd2 Qd6 14. Qe1 a5 15. a3 b3 16. Bxa5 Nd7 17. Bb5 Bc8 18. Bb4 Qb6 19. Bc6 Bxe5 20. Qxe5 Qxc6 21.
Qg7 Nf8 22. Qxe7# 1-0

[Event "Early-Titled-Tuesday-Blitz-April-23-2024"]
[Site "Chess.com"]
[Date "2024.04.23"]
[Round "3"]
[White "Brave_spirit12"]
[Black "esrosenberg"]
[Result "1-0"]
[WhiteElo "2710"]
[BlackElo "2323"]
[TimeControl "180+1"]
[EndTime "8:27:38 PDT"]
[Termination "Brave_spirit12 won on time"]

1. e4 c5 2. Nf3 e6 3. d4 cxd4 4. Nxd4 Nf6 5. Nc3 Nc6 6. Ndb5 Bb4 7. Bf4 Nxe4 8. Nc7+ Kf8 9. Nxa8 Qf6 10. Qf3 d5 11.
Bd2 Qe5 12. Nxe4 Bxd2+ 13. Kxd2 dxe4 14. Qa3+ Kg8 15. Rd1 h5 16. Kc1 Kh7 17. Be2 Nd4 18. Bxh5 g6 19. Bg4 Bd7 20. Qc3 Rxa8 21. Qxd4 Qf4+ 22.
Kb1 Bc6 23. Be2 Rc8 24. Qe3 Qc7 25. h4 Bd5 26. c4 Bxc4 27. Bxc4 Qxc4 28. Rc1 1-0

[Event "Early-Titled-Tuesday-Blitz-April-23-2024"]
[Site "Chess.com"]
[Date "2024.04.23"]
[Round "3"]
[White "AryanTari"]
[Black "ragnaroek66"]
[Result "1-0"]
[WhiteElo "2941"]
[BlackElo "2547"]
[TimeControl "180+1"]
[EndTime "8:27:39 PDT"]
[Termination "AryanTari won by resignation"]

1. e4 c6 2. d4 d6 3. Nf3 d5 4.
Nbd2 Bg4 5. e5 e6 6. c3 Ne7 7.
Be2 Nd7 8. Nf1 c5 9. Ng3 Nc6 10.
O-O Be7 11. Be3 h5 12. h3 h4 13. hxg4 hxg3 14. fxg3 f6 15. exf6 Bxf6 16. g5 Be7 17. Nh4 Nf8 18. Bh5+ Kd7 19. Rf7 Qc7 20. Qf3 Qb6 21.
Rxg7 Qxb2 22. Rd1 Qxc3 23. Bg4 Qc4 24. dxc5 Ne5 25. Qxd5+ Qxd5 26. Rxd5+ 1-0

[Event "Early-Titled-Tuesday-Blitz-April-23-2024"]
[Site "Chess.com"]
[Date "2024.04.23"]
[Round "3"]
[White "AsselLesbekova"]
[Black "Iskusnyh"]
[Result "0-1"]
[WhiteElo "2442"]
[BlackElo "2624"]
[TimeControl "180+1"]
[EndTime "8:27:42 PDT"]
[Termination "Iskusnyh won by resignation"]

1. e4 e6 2. d4 d5 3. Nd2 c5 4. exd5 Qxd5 5. Ngf3 cxd4 6. Bc4 Qd6 7. O-O Nf6 8. Nb3 Nc6 9. Nbxd4 Nxd4 10. Qxd4 Qxd4 11. Nxd4 Bd7 12. Bb5 O-O-O 13. c3 Bc5 14. Bxd7+ Rxd7 15. Nb3 Bb6 16. a4 a6 17. h3 Ne4 18. Be3 Bxe3 19. fxe3 Rhd8 20. Rfe1 e5 21. Re2 h5 22. Rae1 h4 23.
Kh2 Kc7 24. Na1 Rd1 25. Nb3 Ng3 26. Nd4 Rxe1 27. Rxe1 exd4 28. exd4 Kd7 29. Re3 Nf1+ 0-1

[Event "Early-Titled-Tuesday-Blitz-April-23-2024"]
[Site "Chess.com"]
[Date "2024.04.23"]
[Round "3"]
[White "Alexander_Donchenko"]
[Black "Tonychess32"]
[Result "1-0"]
[WhiteElo "2881"]
[BlackElo "2540"]
[TimeControl "180+1"]
[EndTime "8:27:44 PDT"]
[Termination "Alexander_Donchenko won on time"]

1. e4 c5 2. Nc3 Nc6 3. Bb5 a6 4. Bxc6 dxc6 5. d3 e5 6. Nf3 Bd6 7. h3 Ne7 8. Be3 O-O 9. O-O f6 10. a4 a5 11. Nd2 b6 12. Nc4 Bc7 13.
Qd2 Be6 14. b3 Qd7 15. f4 Bxc4 16. bxc4 Ng6 17. f5 Ne7 18. g4 Rab8 19. Kf2 h6 20. Rg1 Kf7 21. h4 Rh8 22. Rg2 Rbg8 23. Rag1 Ke8 24. g5 hxg5 25. hxg5 Kd8 26. Ne2 Kc8 27.
Ke1 Kb7 28. Kd1 Ka6 29. Qe1 Qd8 30. gxf6 gxf6 31. Rg7 Rxg7 32. Rxg7 Qf8 33. Qg3 Bd6 34. Kd2 b5 35. cxb5+ cxb5 36. axb5+ Kxb5 37. Nc3+ Kc6 38. Qg1 Rg8 39. Rxg8 Qxg8 40. Qxg8 Nxg8 41. Nd5 Kd7 42. Kc3 Kc6 43. Kb3 Bc7 44. Ka4 Bb6 45. Bd2 Bd8 46. c4 Bb6 47. Bxa5 Bxa5 48. Kxa5 1-0

[Event "Early-Titled-Tuesday-Blitz-April-23-2024"]
[Site "Chess.com"]
[Date "2024.04.23"]
[Round "3"]
[White "B_nn_t"]
[Black "DonJuanEGenaro"]
[Result "1-0"]
[WhiteElo "2558"]
[BlackElo "2026"]
[TimeControl "180+1"]
[EndTime "8:27:44 PDT"]
[Termination "B_nn_t won on time"]

1. e4 c5 2. Nf3 Nc6 3. d4 cxd4 4. Nxd4 Nf6 5. Nc3 d6 6. Bg5 Qb6 7. Nb3 e6 8. Be2 a6 9. O-O Be7 10. Qd2 Bd7 11. Rad1 Qc7 12. f4 O-O-O 13. Bxf6 Bxf6 14. Qxd6 Qxd6 15. Rxd6 Bxc3 16. bxc3 Kc7 17. Rfd1 Nb8 18. e5 Bc6 19. c4 b6 20. c5 b5 21. Na5 Bd5 22.
c4 Be4 23. cxb5 axb5 24. Bxb5 Bd5 25. Bc4 Nc6 26. Bxd5 Nxa5 27. Be4 f5 28. Bf3 Nc4 29. Rc6+ Kb8 30. Rb1+ Ka7 31. Rxe6 1-0

[Event "Early-Titled-Tuesday-Blitz-April-23-2024"]
[Site "Chess.com"]
[Date "2024.04.23"]
[Round "3"]
[White "pfalcon1949"]
[Black "Chesstiger64"]
[Result "0-1"]
[WhiteElo "1961"]
[BlackElo "2346"]
[TimeControl "180+1"]
[EndTime "8:27:47 PDT"]
[Termination "Chesstiger64 won on time"]

1. e4 c5 2. Nf3 e6 3. d4 cxd4 4.
Nxd4 Nf6 5. Nc3 Nc6 6. Ndb5 Bb4 7. a3 Bxc3+ 8. Nxc3 d5 9. exd5 exd5 10. Bd3 O-O 11. O-O Bg4 12. f3 Bh5 13. Bg5 Qb6+ 14. Kh1 Ne4 15. Nxd5 Nf2+ 16. Rxf2 Qxf2 17. Be3 Qh4 18. Qf1 Bg6 19. g3 Qh5 20. Nf4 Bxd3 21. Nxh5 Bxf1 22. Rxf1 Rfe8 23. Bf4 Re2 24. Rc1 Rae8 25. g4 Re1+ 26. Kg2 Rxc1 27. Bxc1 Re2+ 28. Kg3 Rxc2 29. Bf4 Rxb2 30.
h4 f6 31. Bd6 Kf7 32. g5 f5 33.
Nf4 Nd4 34. h5 Ne2+ 35. Nxe2 Rxe2 36. Kf4 g6 37. h6 Ke6 38. Bb8 a6 39. Kg3 Kd5 0-1

[Event "Early-Titled-Tuesday-Blitz-April-23-2024"]
[Site "Chess.com"]
[Date "2024.04.23"]
[Round "3"]
[White "LionelMessiFCB"]
[Black "tusplingher"]
[Result "0-1"]
[WhiteElo "2467"]
[BlackElo "2651"]
[TimeControl "180+1"]
[EndTime "8:27:48 PDT"]
[Termination "tusplingher won by resignation"]

1. c4 e5 2. g3 Nc6 3. Bg2 g6 4. Nc3 Bg7 5. e3 Nge7 6. Nge2 h5 7. d4 exd4 8. exd4 h4 9. d5 Ne5 10. b3 h3 11. Be4 f5 12. f4 Nxc4 13. bxc4 fxe4 14.
Qc2 d6 15. Be3 Bf5 16. Rb1 O-O 17. Rxb7 Rb8 18. Rxa7 Bg4 19. O-O Nf5 20. Bc1 Nd4 21. Qd2 Nf3+ 22. Rxf3 exf3 23. Nd4 Qf6 24. Ncb5 Rfe8 25.
Kf2 Rxb5 26. Nxb5 Re2+ 27. Qxe2 fxe2 28. Be3 Qa1 29. Bd2 Qf1+ 0-1

[Event "Early-Titled-Tuesday-Blitz-April-23-2024"]
[Site "Chess.com"]
[Date "2024.04.23"]
[Round "3"]
[White "Elegance_Riks"]
[Black "TigrVShlyape"]
[Result "1/2-1/2"]
[WhiteElo "2768"]
[BlackElo "3034"]
[TimeControl "180+1"]
[EndTime "8:27:52 PDT"]
[Termination "Game drawn by agreement"]

1. e4 c5 2. c3 Nf6 3. e5 Nd5 4. Nf3 Nc6 5. d4 cxd4 6. cxd4 d6 7. Bc4 dxe5 8. Nxe5 e6 9. O-O Bd6 10. Bxd5 exd5 11.
Bf4 Bxe5 12. Bxe5 O-O 13. Nc3 Bf5 14. Qf3 Be4 15. Nxe4 dxe4 16. Qxe4 f6 17. Bg3 Re8 18. Qd3 Nxd4 19. Rad1 Ne2+ 20. Kh1 Qxd3 21. Rxd3 Nxg3+ 22. hxg3 Re2 23. b3 Rxa2 24. Rd7 b6 25. Rc1 Kh8 26.
Rcc7 Rg8 27. f3 Rb2 28. Rxa7 Rxb3 29. g4 h6 30. Rab7 Kh7 31. Kh2 Kg6 32. Rd6 h5 33.
gxh5+ Kxh5 34. Rdxb6 Rxb6 35. Rxb6 1/2-1/2

[Event "Early-Titled-Tuesday-Blitz-April-23-2024"]
[Site "Chess.com"]
[Date "2024.04.23"]
[Round "3"]
[White "ClauSanLuis"]
[Black "PabloZarnicki"]
[Result "0-1"]
[WhiteElo "2315"]
[BlackElo "2604"]
[TimeControl "180+1"]
[EndTime "8:27:52 PDT"]
[Termination "PabloZarnicki won by resignation"]

1. d4 Nf6 2. Bg5 e6 3. e3 c5 4.
c3 Qb6 5. Qb3 Ne4 6. Bf4 d5 7.
Nf3 Nc6 8. Qxb6 axb6 9. Bc7 c4 10. Bxb6 Bd6 11. Nbd2 Ra6 12. Bc5 Nxc5 13. dxc5 Bxc5 14. b4 Nxb4 15. cxb4 Bxb4 16. Kd1 Bd7 17. Nd4 b5 18. Kc2 e5 19. N4f3 f6 20. Be2 g5 21. h3 Bf5+ 22. e4 dxe4 23. Nxg5 e3+ 24. Nde4 fxg5 25.
f3 Ke7 26. Rhd1 Rha8 27. g4 Bxe4+ 28. fxe4 Rxa2+ 29. Rxa2 Rxa2+ 0-1

[Event "Early-Titled-Tuesday-Blitz-April-23-2024"]
[Site "Chess.com"]
[Date "2024.04.23"]
[Round "3"]
[White "lucasran"]
[Black "WiktoriaPOL"]
[Result "1-0"]
[WhiteElo "2616"]
[BlackElo "2404"]
[TimeControl "180+1"]
[EndTime "8:27:55 PDT"]
[Termination "lucasran won by resignation"]

1. Nf3 d5 2. e3 Nf6 3. c4 c6 4.
Nc3 Bg4 5. cxd5 cxd5 6. Qb3 Bxf3 7. Qxb7 Bxg2 8. Bxg2 Nbd7 9. Nxd5 Nxd5 10. Bxd5 Rb8 11. Qxa7 e6 12. Bc6 Rc8 13. Bxd7+ Qxd7 14. Qxd7+ Kxd7 15. Kd1 Be7 16. d4 Bh4 17. Rf1 Rc6 18. Bd2 Rb8 19.
Bc3 Rb5 20. a4 Rb3 21. a5 Kc7 22. Ra4 Kb7 23. d5 exd5 24. Rxh4 h6 25. Rb4+ 1-0

[Event "Early-Titled-Tuesday-Blitz-April-23-2024"]
[Site "Chess.com"]
[Date "2024.04.23"]
[Round "3"]
[White "NovozhilovSemen"]
[Black "ReinisUz"]
[Result "1-0"]
[WhiteElo "2642"]
[BlackElo "2460"]
[TimeControl "180+1"]
[EndTime "8:27:58 PDT"]
[Termination "NovozhilovSemen won by resignation"]

1. d4 d5 2. c4 c6 3. cxd5 cxd5 4. Bg5 Nc6 5. e3 Qb6 6. Qd2 Bf5 7. Nc3 e6 8. f4 h6 9. Bh4 Be7 10. Bxe7 Ngxe7 11. Nf3 O-O 12. Be2 Rac8 13. O-O Na5 14. b3 Qb4 15. Rfc1 Rc6 16. Nb5 Qxd2 17. Nxd2 a6 18.
Rxc6 Naxc6 19. Nd6 b5 20. a4 Rd8 21. Nb7 Rb8 22. Nc5 bxa4 23. Nxa6 Rxb3 24. Kf2 Rb2 25. Ke1 Nb4 26. Rxa4 Nc2+ 27. Kf2 Nxd4 28. Rxd4 Nc6 29.
Nf3 Bg4 30. Ra4 d4 31. exd4 Bf5 32. Nc5 Kh7 33. Ke3 Ne7 34. Ne5 Nd5+ 35. Kf3 Rxe2 36. Kxe2 Nc3+ 37. Kf3 Nxa4 38. Nxa4 f6 39. Nc4 1-0